 Dungeon Crawl Stone Soup version 0.22.0-6-g71bd7aa (webtiles) character file.

476550 miscthings the Maledictor (level 23, 0/196 HPs)
             Began as a Vampire Fire Elementalist on Aug 13, 2018.
             Was the Champion of Dithmenos.
             Slain by an Orb Guardian (18 damage)
             ... on level 5 of the Realm of Zot on Aug 14, 2018.
             The game lasted 04:59:24 (86186 turns).

miscthings the Maledictor (VpFE)                   Turns: 86186, Time: 04:59:25

Health: 0/196      AC: 21    Str: 12    XL:     23   Next: 34%
Magic:  30/39      EV: 25    Int: 21    God:    Dithmenos [******]
Gold:   4714       SH: 11    Dex: 20    Spells: 6/47 levels left

rFire    + . .     SeeInvis +   x - +9 dagger
rCold    + . .     Gourm    .   u - +3 buckler {AC+3}
rNeg     + + +     Faith    .   X - +1 robe of Wyghimp {rElec rC+}
rPois    +         Spirit   .   D - +2 helmet
rElec    +         Reflect  +   A - +2 cloak {MR+}
rCorr    .         Harm     .   Y - +2 pair of gloves {archery}
MR       +++..                  (no boots)
Stlth    ++++++++++             W - +2 amulet of reflection
HPRegen  0.21/turn              C - +4 ring of slaying
MPRegen  0.26/turn              S - ring "Jaxtos" {Fire rPois rN+ Str+4 Slay+3}

@: icy armour, regenerating slowly, wreathed by umbra
A: fangs 3, see invisible, unbreathing
}: 3/15 runes: serpentine, barnacled, silver
a: Bat Form, Shadow Step, Shadow Form, Renounce Religion


You were on level 5 of the Realm of Zot.
You worshipped Dithmenos.
Dithmenos was exalted by your worship.
You were very thirsty.

You visited 11 branches of the dungeon, and saw 49 of its levels.
You also visited: Ossuary and Wizlab.

You collected 6987 gold pieces.
You spent 2273 gold pieces at shops.

Inventory:

Hand Weapons
 x - a +9 dagger (weapon)
Missiles
 V - 6 throwing nets (quivered)
Armour
 s - the +4 robe of Morality {Int+2 SInv Stlth-}
   (You bought it in a shop on level 4 of the Depths)

   It affects your intelligence (+2).
   It lets you see invisible.
   It makes you less stealthy.
 u - a +3 buckler of protection (worn)
 z - a scarf of cloud immunity
 A - a +2 cloak of magic resistance (worn)
 D - a +2 helmet (worn)
 K - the +2 cloak of the Blessed Realm {*Slow +Blink rPois rCorr}
   (You found it in a wizard's laboratory)

   It protects you from poison.
   It lets you blink.
   It provides partial protection from all sources of acid and corrosion.
   It may slow you when you take damage.
 X - the +1 robe of Wyghimp (worn) {rElec rC+}
   (You bought it in a shop on level 2 of the Orcish Mines)

   It protects you from cold.
   It insulates you from electricity.
 Y - a +2 pair of gloves of archery (worn)
Jewellery
 C - a +4 ring of slaying (left hand)
 J - an uncursed ring of protection from fire
 S - the ring "Jaxtos" (right hand) {Fire rPois rN+ Str+4 Slay+3}
   (You found it on level 2 of the Shoals)

   [ring of fire]

   It enhances your fire magic.
   It affects your strength (+4).
   It affects your accuracy and damage with ranged weapons and melee attacks
   (+3).
   It protects you from fire.
   It makes you vulnerable to cold.
   It protects you from poison.
   It protects you from negative energy.
 W - a +2 amulet of reflection (around neck)
 Z - an uncursed ring of protection from cold
Wands
 d - a wand of digging (41)
 f - a wand of clouds (4)
 g - a wand of scattershot (3)
 l - a wand of polymorph (52)
 y - a wand of acid (2)
 B - a wand of flame (85)
 I - a wand of enslavement (53)
 R - a wand of paralysis (65)
Scrolls
 h - 3 scrolls of teleportation
 j - 18 scrolls of remove curse
 n - 4 scrolls of fear
 o - 11 scrolls of magic mapping
 E - 9 scrolls of immolation
 F - 7 scrolls of enchant armour
 H - 4 scrolls of blinking
 N - a scroll of silence
 P - 2 scrolls of vulnerability
 Q - 7 scrolls of fog
 U - 14 scrolls of identify {@r1}
Potions
 a - 9 potions of lignification
 b - 16 potions of curing
 c - 4 potions of blood
 e - 7 potions of heal wounds
 i - 5 potions of mutation
 m - 3 potions of cancellation
 p - 6 potions of brilliance
 r - 2 potions of magic
 t - 3 potions of haste
 v - 3 potions of might
 G - 11 potions of flight
 L - 3 potions of invisibility
 M - 3 potions of agility
 O - 6 potions of resistance
Miscellaneous
 k - 2 phantom mirrors
 q - a lamp of fire


   Skills:
 * Level 19.7 Fighting
 - Level 10.0 Short Blades
 + Level 14.8 Dodging
 + Level 22.9 Stealth
 - Level 4.0 Shields
 + Level 12.8 Spellcasting
 - Level 7.0 Conjurations
 + Level 23.2 Hexes
 - Level 5.3 Summonings
 - Level 9.0 Fire Magic
 - Level 11.4 Evocations


You had 6 spell levels left.
You knew the following spells:

 Your Spells              Type           Power        Failure   Level  Hunger
a - Confuse               Hex            #######.     0%          3    None
b - Throw Flame           Conj/Fire      ######       1%          2    None
c - Conjure Flame         Conj/Fire      ######..     1%          3    None
d - Flame Tongue          Conj/Fire      #####        1%          1    None
e - Aura of Abjuration    Summ           #####.....   16%         5    ####...
f - Discord               Hex            #######...   2%          8    #######
g - Cause Fear            Hex            #######...   0%          4    None
h - Yara's Violent Unrav  Hex/Tmut       ######....   1%          5    ####...
i - Silence               Hex/Air        ######....   1%          5    ####...
j - Ozocubu's Armour      Chrm/Ice       ##......     14%         3    None
z - Ensorcelled Hibernat  Hex/Ice        ######       1%          2    None

Your spell library contained the following spells:

 Spells                   Type           Power        Failure   Level  Hunger
 Magic Dart               Conj           ####         1%          1    None
 Fireball                 Conj/Fire      ######....   4%          5    ####...
 Apportation              Tloc           ##....       4%          1    None
 Bolt of Fire             Conj/Fire      ######....   28%         6    #####..
 Lightning Bolt           Conj/Air       ####......   32%         5    ####...
 Bolt of Magma            Conj/Fire/Erth ######....   16%         5    ####...
 Throw Frost              Conj/Ice       ####..       1%          2    None
 Controlled Blink         Tloc           N/A          100%        8    #######
 Mephitic Cloud           Conj/Pois/Air  ###.....     5%          3    None
 Ring of Flames           Chrm/Fire      #####.....   100%        7    #######
 Venom Bolt               Conj/Pois      ####......   32%         5    ####...
 Olgreb's Toxic Radiance  Pois           ##......     43%         4    None
 Death's Door             Chrm/Necr      ##........   100%        8    #######
 Summon Small Mammal      Summ           ####         1%          1    None
 Bolt of Draining         Conj/Necr      ####......   32%         5    ####...
 Iskenderun's Mystic Bla  Conj           #####...     2%          4    None
 Animate Dead             Necr           N/A          43%         4    None
 Pain                     Necr           ##..         4%          1    None
 Animate Skeleton         Necr           N/A          4%          1    None
 Vampiric Draining        Necr           ##........   14%         3    None
 Haunt                    Necr/Summ      ###.......   100%        7    #######
 Borgnjor's Revivificati  Necr           ##........   100%        8    #######
 Freeze                   Ice            ##..         4%          1    None
 Sticky Flame             Conj/Fire      ######..     1%          4    None
 Summon Ice Beast         Ice/Summ       ###.....     16%         4    None
 Dispel Undead            Necr           ##......     80%         5    ####...
 Regeneration             Chrm/Necr      ##........   14%         3    None
 Sting                    Conj/Pois      ####         1%          1    None
 Sublimation of Blood     Necr           ##........   8%          2    None
 Tukima's Dance           Hex            #######.     0%          3    None
 Summon Demon             Summ           #####.....   16%         5    ####...
 Corpse Rot               Necr           N/A          8%          2    None
 Iron Shot                Conj/Erth      ####......   87%         6    #####..
 Stone Arrow              Conj/Erth      ####..       3%          3    None
 Recall                   Summ/Tloc      N/A          4%          3    None
 Agony                    Necr           ##......     80%         5    ####...
 Spider Form              Tmut/Pois      ##........   14%         3    None
 Blade Hands              Tmut           ##........   80%         5    ####...
 Statue Form              Tmut/Erth      ##.......    100%        6    #####..
 Ice Form                 Ice/Tmut       ##......     43%         4    None
 Necromutation            Tmut/Necr      ##........   100%        8    #######
 Deflect Missiles         Chrm/Air       ##........   100%        6    #####..
 Throw Icicle             Conj/Ice       ####....     12%         4    None
 Shadow Creatures         Summ           N/A          63%         6    #####..
 Confusing Touch          Hex            ######       0%          1    None
 Passwall                 Tmut/Erth      ##......     8%          2    None
 Ignite Poison            Fire/Tmut/Pois #####...     4%          3    None
 Sticks to Snakes         Tmut           ##......     8%          2    None
 Metabolic Englaciation   Hex/Ice        ######....   1%          5    ####...
 Shatter                  Erth           ##........   100%        9    #######
 Dispersal                Tloc           ##........   100%        6    #####..
 Static Discharge         Conj/Air       ####....     3%          3    None
 Corona                   Hex            #######      0%          1    None
 Lee's Rapid Deconstruct  Erth           ##........   80%         5    ####...
 Sandblast                Erth           ##....       4%          1    None
 Excruciating Wounds      Chrm/Necr      ##........   80%         5    ####...
 Portal Projectile        Hex/Tloc       ######       1%          3    None
 Petrify                  Tmut/Erth      ##......     43%         4    None
 Tornado                  Air            ##........   100%        9    #######
 Leda's Liquefaction      Hex/Erth       ######....   1%          4    None
 Summon Hydra             Summ           #####.....   99%         7    #######
 Inner Flame              Hex/Fire       #######.     1%          3    None
 Beastly Appendage        Tmut           ##....       4%          1    None
 Disjunction              Tloc           ##........   100%        8    #######
 Fulminant Prism          Conj/Hex       ######....   1%          4    None
 Dazzling Spray           Conj/Hex       ######       1%          3    None
 Force Lance              Conj/Tloc      ####....     12%         4    None
 Searing Ray              Conj           #####.       1%          2    None
 Summon Forest            Summ/Tloc      ###.......   41%         5    ####...
 Summon Mana Viper        Hex/Summ       ######..     1%          5    ####...
 Hydra Form               Tmut           ##........   100%        6    #####..
 Gell's Gravitas          Tloc           ##........   14%         3    None
 Infestation              Necr           ##........   100%        8    #######
 Poisonous Vapours        Pois/Air       ##....       8%          2    None
 Ignition                 Fire           ######....   100%        8    #######


Dungeon Overview and Level Annotations

Branches:
Dungeon (15/15)            Temple (1/1) D:6            Lair (6/6) D:8
 Shoals (4/4) Lair:3        Snake (4/4) Lair:4        Slime (0/5) Lair:5
    Orc (2/2) D:10            Elf (1/3) Orc:2        Vaults (5/5) D:14
  Crypt (0/3) Vaults:3     Depths (5/5) D:15           Hell (1/1)
    Zot (5/5) Depths:5
    Dis: Hell:1         Geh: Hell:1         Coc: Hell:1         Tar: Hell:1

Altars:
Cheibriados
Dithmenos
Fedhas
Gozag
Kikubaaqudgha
Makhleb
Qazlal
Ru
Uskayaw
Wu Jian
Yredelemnul
Zin
The Shining One
Jiyva
Lugonu

Shops:
D:4 (   D:11 [   Orc:2 *?[(   Shoals:4 %   Snake:4 *%   Vaults:1 !   Vaults:2 }
Depths:4 ([*

Portals:
Hell: Depths:1 Depths:2 Depths:3 Depths:4 Depths:5
Abyss: Depths:1 Depths:2 Depths:3 Depths:4
Pandemonium: Depths:3
Ziggurat: Depths:2

Annotations:
Hell exclusion: ice statue, Murray


Innate Abilities, Weirdness & Mutations

You heal slowly.
You have razor-sharp teeth.
You have supernaturally acute eyesight. (SInv)
You can survive without breathing.


Message History

The Orb Guardian is severely wounded.
The Orb Guardian hits you!
* * * LOW HITPOINT WARNING * * *
You completely miss the Orb Guardian.
The Orb Guardian is severely wounded.
Your shadow hits the Orb Guardian but does no damage.
The Orb Guardian completely misses you.
You puncture the Orb Guardian! You bite the Orb Guardian.
The Orb Guardian is almost dead.
You feel a little less agile now.
You barely miss the Orb Guardian.
The Orb Guardian is almost dead.
You block the Orb Guardian's attack.
You hit the Orb Guardian but do no damage.
The Orb Guardian is almost dead.
Your shadow hits the Orb Guardian with a dagger.
The Orb Guardian hits you!!
* * * LOW HITPOINT WARNING * * *
You feel much better. The Orb Guardian hits you!!
You die...

* #.............# *,,,,,,,,,,,, *
*#...........#* *,,,,,,,,,,,, *
#...........# *,,,,,,,,,,,, *
##..X.......^## *,,,,,,,,,,,, *
#.............# **,,,,,,,,,,,
*#.............#* **,,,,,,,,,,
*...............# **,,,,,,,,,
▓▓########.########▓▓▓▓##########
.....# #.# #.X@......).........
####.#####.###†##############...#
..........X...§## ####...#
####.###....)§§.# #......#
#...'....<)..# #.......
#####........# #.......
#......⌠.# #####.....##
***#######.##*** #.........#*
*****,,,**,,,....,,* #.........##


You could see an Orb Guardian.

Vanquished Creatures
  An ancient lich (Zot:5)
  Mennas (Depths:3)
  Saint Roka (Snake:2)
  A curse toe (Zot:2)
  2 golden dragons
  Geryon (Hell)
  An electric golem (Zot:5)
  A tentacled monstrosity (Vaults:5)
  Rupert (D:12)
  2 quicksilver dragons
  2 titans
  2 liches (Depths:4)
  5 Orb Guardians (Zot:5)
  Asterion (Depths:1)
  Gastronok (Lair:1)
  A kraken (Shoals:2)
  Polyphemus (Shoals:2)
  2 sphinxes
  2 tentacled starspawn (WizLab)
  The ghost of Ziciket the Fencer, an adept TeAs of Fedhas (Vaults:2)
  Kirke (Shoals:1)
  2 shadow dragons
  2 storm dragons
  3 tengu reavers
  Ilsuiw (Shoals:2)
  5 fire giants
  6 frost giants
  9 nagarajas
  A deep elf sorcerer (Vaults:5)
  A draconian scorcher (Zot:4)
  2 iron dragons
  11 vault wardens
  A ghoul (Vaults:4)
  A war gargoyle (Vaults:4)
  A draconian stormcaller (Depths:5)
  4 very ugly things
  The ghost of Thalamas the Fighter, a journeyman GrMo of the Shining One (D:14)
  9 ironheart preservers
  12 stone giants
  5 green draconians
  4 purple draconians
  2 entropy weavers
  A deep elf annihilator (Vaults:4)
  The ghost of Sesaloo the Covert, a journeyman KoAs of Dithmenos (Shoals:2)
  2 red draconians
  2 deep elf demonologists (Vaults:5)
  A white draconian (Depths:5)
  Azrael (Orc:1)
  A yellow draconian (Zot:4)
  4 spark wasps
  An eidolon (WizLab)
  A deep elf death mage (Elf:1)
  2 crystal guardians
  7 ettins
  5 merfolk javelineers
  7 merfolk impalers
  6 fire dragons
  Josephine (D:14)
  The ghost of TwistedFlax the Cleaver, a journeyman MiFi of Okawaru (D:10)
  10 yaktaur captains
  2 deep elf high priests
  14 naga warriors
  A hell beast (Depths:1)
  9 ice dragons
  4 vault guards
  2 deep troll earth magi
  8 hydras
  6 great orbs of eyes
  3 spriggan air magi
  14 centaur warriors
  2 rakshasas
  Erica (D:8)
  An anaconda (shapeshifter) (Vaults:5)
  An alligator snapping turtle (Shoals:4)
  A catoblepas (Shoals:2)
  8 anacondas
  6 death knights
  3 merfolk aquamancers
  4 merfolk avatars
  3 ogre magi
  5 satyrs
  17 two-headed ogres
  2 tengu warriors (D:13)
  3 death yaks
  A deep troll shaman (Depths:5)
  4 hell knights
  5 shock serpents
  A vampire mage (Depths:1)
  A dancing weapon (Elf:1)
  A thrashing horror (WizLab)
  3 orc high priests (Orc:2)
  4 spriggan berserkers
  3 sun demons
  7 deep elf knights
  28 naga sharpshooters
  A soul eater (Depths:5)
  7 skeletal warriors
  2 shadow wraiths
  A fire crab (Lair:6)
  2 iron trolls
  A flayed ghost (Vaults:5)
  3 salamander mystics
  6 deep trolls
  2 wizards
  A death drake (shapeshifter) (D:14)
  An unseen horror (Vaults:1)
  A kraken simulacrum (Shoals:4)
  13 sea snakes
  9 naga ritualists
  2 orange crystal statues
  A tengu zombie (Vaults:4)
  An obsidian statue (WizLab)
  6 deep elf archers
  11 ironbrand convokers
  14 orc knights
  A glowing orange brain (Vaults:2)
  4 phantasmal warriors
  2 lindwurms (Lair:4)
  2 necromancers (Vaults:4)
  10 harpies
  An orb spider (shapeshifter) (Depths:3)
  A wolf spider zombie (D:15)
  28 ugly things
  13 mana vipers
  2 oklob plants (D:14)
  6 orc sorcerers
  9 cyclopes
  A faun (shapeshifter) (Vaults:4)
  25 deep elf magi
  11 manticores
  8 fauns
  10 merfolk sirens
  4 worldbinders (WizLab)
  25 elephants
  8 salamanders
  4 guardian serpents
  5 moths of wrath
  2 stone giant skeletons (Vaults:4)
  17 vault sentinels
  41 black mambas
  The ghost of Firecrotchwizard the Cutter, a novice VSBe of Trog (D:6)
  27 naga magi
  An eye of devastation (shapeshifter) (Vaults:1)
  3 molten gargoyles (Lair:6)
  A smoke demon (WizLab)
  2 centaur skeletons
  4 gargoyles
  34 yaktaurs
  5 water nymphs
  A torpor snail (shapeshifter) (Vaults:4)
  16 spiny frogs
  3 starcursed masses (WizLab)
  A hellwing (WizLab)
  An efreet (WizLab)
  14 komodo dragons
  3 rime drakes
  2 yaktaurs (shapeshifter)
  An ice devil (WizLab)
  2 tengu conjurers (D:13)
  6 freezing wraiths
  2 ancient zymes (WizLab)
  A queen bee (D:8)
  2 polar bears
  A meliai (shapeshifter) (Vaults:3)
  A sphinx simulacrum (Vaults:2)
  A jumping spider (shapeshifter) (D:15)
  5 trolls
  A red devil (Depths:3)
  4 wind drakes
  5 hornets
  23 merfolk
  Prince Ribbit (D:6)
  A queen bee (shapeshifter) (Vaults:1)
  13 hippogriffs
  22 blink frogs
  24 slime creatures
  8 dream sheep (Shoals:4)
  8 snapping turtles
  3 frost giant simulacra
  A meliai zombie (D:12)
  2 air elementals (Elf:1)
  A centaur simulacrum (D:15)
  A spriggan (shapeshifter) (Vaults:1)
  An ettin skeleton (Vaults:4)
  A small abomination (WizLab)
  2 vampires
  3 redbacks
  A spriggan skeleton (Depths:1)
  4 spriggans (D:10)
  6 wyverns
  14 water elementals
  12 wraiths
  17 humans
  A hog (Shoals:2)
  An elf skeleton (Vaults:4)
  A steam dragon (Lair:6)
  A golden eye (shapeshifter) (Vaults:5)
  50 yaks
  4 fire elementals
  11 vampire mosquitoes
  2 hungry ghosts (D:14)
  4 basilisks (Lair:6)
  3 spatial vortices (WizLab)
  5 wargs
  2 insubstantial wisps (WizLab)
  4 acid dragons
  39 nagas
  2 large abominations (Elf:1)
  8 hell hounds
  2 soldier ants
  14 water moccasins
  6 porcupines
  6 sky beasts
  5 ice beasts
  27 orc warriors
  An ettin simulacrum (Vaults:4)
  2 black bears
  A necrophage (D:7)
  7 phantoms
  2 eyes of draining (D:14)
  12 ogres
  14 wolves
  A centaur (shapeshifter) (Vaults:5)
  A tengu (D:5)
  26 centaurs
  7 boggarts
  15 crocodiles
  A human skeleton (WizLab)
  11 big kobolds
  16 bullfrogs
  2 elf zombies
  The ghost of Bearx the Sneak, an amateur SpEn (D:3)
  A jelly (D:10)
  A water moccasin skeleton (D:7)
  2 scorpions
  3 wyvern skeletons
  6 wights
  20 killer bees
  2 vampire bats (Orc:2)
  3 electric eels
  4 howler monkeys
  6 crimson imps
  5 centaur zombies
  4 lava snakes (Lair:6)
  5 hounds
  A quasit (D:5)
  A bullfrog zombie (D:13)
  A human simulacrum (Vaults:4)
  2 human zombies
  19 orc wizards
  17 orc priests
  3 bullfrog skeletons
  An iron imp (WizLab)
  4 iguanas
  15 worker ants
  A hound zombie (D:11)
  2 mummies (Ossuary)
  5 gnolls
  2 howler monkey skeletons
  10 adders
  A shadow imp (D:14)
  An ooze (D:2)
  4 adder zombies
  2 worms (D:2)
  4 dart slugs
  9 leopard geckos
  93 orcs
  13 bats
  7 giant cockroaches
  10 goblins
  7 hobgoblins
  21 jackals
  23 kobolds
  3 quokkas (D:10)
  A ball python (D:3)
  4 frilled lizards
  A goblin zombie (Ossuary)
  7 hobgoblin zombies (Ossuary)
  2 jackal zombies
  16 kobold zombies (Ossuary)
  5 orc zombies (Ossuary)
  5 rats
  2 rat zombies (Ossuary)
  A fungus (Lair:6)
  2 plants
1699 creatures vanquished.

Vanquished Creatures (collateral kills)
  Margery (Depths:3)
  Xtahua (Depths:3)
  2 golden dragons
  Nikola (Depths:2)
  A bone dragon (Depths:5)
  A lich (Vaults:4)
  A titan (Vaults:5)
  An Orb Guardian (Zot:5)
  A tentacled monstrosity (Vaults:5)
  A quicksilver dragon (Vaults:5)
  4 sphinxes
  3 tengu reavers
  5 fire giants
  A nagaraja (Snake:3)
  A frost giant (Vaults:5)
  A draconian scorcher (Depths:5)
  An iron dragon (Depths:5)
  3 vault wardens
  A draconian stormcaller (Zot:4)
  2 ironheart preservers
  8 very ugly things
  2 war gargoyles
  6 stone giants
  2 vampire knights (Depths:3)
  A black draconian (Zot:5)
  A white draconian (Zot:4)
  A deep elf demonologist (Vaults:4)
  2 yellow draconians
  2 red draconians
  A deep elf death mage (Vaults:4)
  A green death (Hell)
  A fire dragon (Depths:1)
  6 yaktaur captains
  A rakshasa (Depths:1)
  22 vault guards
  A centaur warrior (Depths:4)
  19 two-headed ogres
  5 ogre magi
  5 spriggan berserkers
  A dancing weapon (Vaults:5)
  2 vampire magi (Depths:1)
  2 deep troll earth magi
  2 naga ritualists (Snake:3)
  6 hell knights
  2 skeletal warriors (Hell)
  2 iron trolls
  A flayed ghost (Depths:5)
  10 deep trolls
  An anaconda zombie (Hell)
  3 deep elf archers (Vaults:5)
  2 phantasmal warriors (Depths:3)
  An orc knight (Vaults:4)
  5 necromancers
  22 ugly things
  A mana viper (shapeshifter) (Vaults:5)
  9 deep elf magi
  An orc sorcerer (Vaults:4)
  A guardian serpent (Depths:4)
  A guardian serpent (shapeshifter) (Vaults:5)
  5 vault sentinels
  A rust devil (Hell)
  An ice devil (Hell)
  13 yaktaurs
  A tormentor (Hell)
  A hydra zombie (Hell)
  A wind drake (shapeshifter) (Depths:1)
  2 hornets
  4 slime creatures (Depths:1)
  A blink frog (Lair:3)
  2 spriggans (Depths:3)
  A redback (Vaults:5)
  A wraith (Vaults:5)
  A basilisk (shapeshifter) (Depths:1)
  A warg (Vaults:4)
  2 orc warriors (Vaults:4)
  A floating eye (Depths:3)
  An alligator simulacrum (Hell)
  17 ogres
  3 boggarts (Depths:1)
  8 centaurs
  A killer bee (D:7)
  6 orcs (Vaults:4)
  A jackal (shapeshifter) (Depths:5)
  A tentacle (Hell)
272 creatures vanquished.

Vanquished Creatures (others)
  A golden dragon (Zot:2)
  An Orb Guardian (Zot:5)
  A death cob (Zot:2)
  A storm dragon (Depths:3)
  A shadow dragon (Vaults:5)
  A fire giant (Depths:5)
  A reaper (Depths:1)
  4 stone giants
  2 very ugly things
  4 green draconians
  2 ironheart preservers
  A white draconian (Depths:5)
  An ettin (Vaults:5)
  A great orb of eyes (Depths:3)
  A yaktaur captain (Vaults:4)
  4 vault guards (Vaults:5)
  A death knight (Vaults:4)
  2 centaur warriors (Depths:3)
  An anaconda (Snake:3)
  2 two-headed ogres (Vaults:4)
  A deep troll shaman (Depths:3)
  An ogre mage (Vaults:5)
  A deep troll (Depths:1)
  10 hell knights
  A spriggan (Depths:3)
  2 sun demons
  An iron troll (Depths:3)
  2 necromancers
  A harpy (Vaults:4)
  2 ironbrand convokers
  2 orc knights
  A deep elf mage (Elf:1)
  An ugly thing (Depths:1)
  An orb spider (shapeshifter) (Depths:3)
  A faun (Shoals:1)
  A cyclops (Vaults:1)
  2 black mambas (Snake:3)
  A rust devil (Hell)
  A vault sentinel (Vaults:5)
  A naga mage (Snake:4)
  A hellion (Depths:1)
  5 yaktaurs
  A tengu conjurer (Depths:2)
  2 ice devils
  A troll (Vaults:4)
  2 hornets (Depths:3)
  A merfolk (Shoals:4)
  2 blink frogs (Lair:1)
  A slime creature (Vaults:3)
  A redback (Vaults:5)
  A shadow (D:13)
  2 humans (Shoals:2)
  A fire elemental (Hell)
  A water moccasin (Lair:1)
  An orc warrior (Vaults:4)
  4 ogres
  3 centaurs
  2 bullfrogs (Lair:1)
  2 orcs
  A bush (Lair:6)
  38 fungi
  50 plants
  11 tentacles
201 creatures vanquished.

Grand Total: 2172 creatures vanquished

Notes
Turn   | Place    | Note
-------+----------+-------------------------------------------
     0 | D:1      | miscthings the Vampire Fire Elementalist began the quest for the Orb.
     0 | D:1      | Reached XP level 1. HP: 13/13 MP: 3/3
   211 | D:1      | Reached XP level 2. HP: 19/19 MP: 5/5
   885 | D:2      | Reached XP level 3. HP: 16/24 MP: 1/6
  1396 | D:2      | Noticed Sigmund
  1397 | D:2      | Noticed Sigmund
  1397 | D:2      | Sigmund changed into Sigmund the ooze
  1402 | D:2      | Killed Sigmund the ooze
  1799 | D:2      | Reached XP level 4. HP: 30/30 MP: 7/7
  2121 | D:2      | Found a sacrificial altar of Ru.
  3104 | D:3      | Noticed a big kobold
  3105 | D:3      | Found a runed gate.
  3106 | D:3      | Found a runed gate.
  3165 | D:3      | Reached XP level 5. HP: 28/35 MP: 4/8
  3177 | D:3      | Reached skill level 5 in Stealth
  3321 | D:3      | Found a runed gate.
  3323 | D:3      | Noticed Bearx's ghost (amateur SpEn)
  3731 | D:4      | Noticed a phantom
  4021 | D:4      | Noticed a phantom
  4961 | D:4      | Reached XP level 6. HP: 12/41 MP: 1/9
  5451 | D:4      | Found Haawnol's Antique Weapon Shoppe.
  6004 | D:4      | Got a faintly humming robe
  6023 | D:4      | Identified the +3 robe of Zuuna {Dex+4} (You took it off an orc on level 4 of the Dungeon)
  6078 | D:5      | Entered Level 5 of the Dungeon
  6497 | D:5      | Noticed an acid dragon
  6497 | D:5      | an ogre changed into an acid dragon
  6499 | D:5      | an acid dragon changed into a tengu
  6513 | D:5      | Reached XP level 7. HP: 40/46 MP: 5/10
  6571 | D:5      | Noticed a human
  6572 | D:5      | Found a runed door.
  6574 | D:5      | Found a basalt altar of Yredelemnul.
  6907 | D:5      | Found a glowing silver altar of Zin.
  6907 | D:5      | Noticed an angel
  6923 | D:5      | Reached skill level 10 in Stealth
  7067 | D:5      | Found a snail-covered altar of Cheibriados.
  7623 | D:6      | Found a sand-covered staircase.
  7746 | Ossuary  | Entered an ossuary
  9140 | D:6      | Noticed Prince Ribbit
  9147 | D:6      | Killed Prince Ribbit
  9147 | D:6      | Reached XP level 8. HP: 25/52 MP: 11/11
  9332 | D:6      | Found a runed gate.
  9333 | D:6      | Found a runed gate.
  9334 | D:6      | Found a runed gate.
  9818 | D:6      | Noticed Firecrotchwizard's ghost (novice VSBe)
  9819 | D:6      | Noticed a kobold demonologist
  9969 | D:6      | Found a staircase to the Ecumenical Temple.
  9978 | Temple   | Entered the Ecumenical Temple
  9993 | Temple   | Became a worshipper of Dithmenos the Shadowed
 10020 | D:6      | Learned a level 2 spell: Throw Flame
 10024 | D:6      | Learned a level 3 spell: Conjure Flame
 10074 | D:6      | Reached skill level 1 in Conjurations
 10193 | D:6      | Reached skill level 1 in Short Blades
 10468 | D:6      | Reached skill level 1 in Fighting
 10720 | D:7      | Found a hide-covered altar of Uskayaw.
 10732 | D:7      | Reached skill level 1 in Shields
 10732 | D:7      | Reached skill level 1 in Evocations
 10800 | D:7      | Reached * piety under Dithmenos
 10970 | D:7      | Noticed a hippogriff
 10993 | D:7      | Killed a hippogriff
 10993 | D:7      | Reached XP level 9. HP: 56/59 MP: 10/12
 11047 | D:7      | Learned a level 3 spell: Confuse
 11051 | D:7      | Found a shadowy altar of Dithmenos.
 11054 | D:7      | Reached skill level 2 in Hexes
 11108 | D:7      | Reached skill level 3 in Hexes
 11166 | D:7      | Reached skill level 4 in Hexes
 11266 | D:7      | Reached skill level 5 in Hexes
 11458 | D:7      | Reached skill level 6 in Hexes
 11598 | D:7      | Reached skill level 7 in Hexes
 11660 | D:7      | Reached skill level 8 in Hexes
 12442 | D:8      | Reached skill level 9 in Hexes
 12759 | D:8      | Got a brightly glowing lead amulet
 12760 | D:8      | Identified the amulet of Mirth {Harm *Drain Int+2 Stlth+} (You found it on level 8 of the Dungeon)
 12877 | D:8      | Found a staircase to the Lair.
 12897 | D:8      | Reached ** piety under Dithmenos
 12964 | D:8      | Noticed Erica
 12983 | D:8      | Killed Erica
 12983 | D:8      | Reached skill level 11 in Hexes
 12983 | D:8      | Reached XP level 10. HP: 59/65 MP: 10/13
 13271 | D:8      | Reached skill level 5 in Fire Magic
 13593 | D:9      | Found an ancient bone altar of Kikubaaqudgha.
 14099 | Lair:1   | Entered Level 1 of the Lair of Beasts
 14116 | Lair:1   | Noticed a spiny frog
 14150 | Lair:1   | Killed a spiny frog
 14672 | Lair:1   | Reached skill level 12 in Hexes
 14813 | Lair:1   | Noticed a spiny frog
 14841 | Lair:1   | Reached *** piety under Dithmenos
 15009 | Lair:1   | Reached XP level 11. HP: 74/74 MP: 12/16
 15163 | Lair:1   | Noticed Gastronok
 15192 | Lair:1   | Killed Gastronok
 15192 | Lair:1   | Reached skill level 15 in Stealth
 15452 | Lair:1   | Got a transparent mace
 15454 | Lair:1   | Identified the +11 mace of Defence by Offence {flame, rN+ Int+2} (You found it on level 1 of the Lair of Beasts)
 16039 | Lair:2   | Reached skill level 5 in Dodging
 16591 | Lair:3   | Found a staircase to the Shoals.
 16964 | Lair:3   | Noticed a seven-headed hydra
 16988 | Lair:3   | Killed a seven-headed hydra
 17197 | Lair:3   | Reached XP level 12. HP: 64/83 MP: 16/18
 17248 | Lair:3   | Reached **** piety under Dithmenos
 17256 | Lair:3   | Reached skill level 5 in Short Blades
 18299 | Lair:2   | Reached skill level 5 in Spellcasting
 18698 | Lair:4   | Reached skill level 13 in Hexes
 19112 | Lair:4   | Found a staircase to the Snake Pit.
 19597 | Lair:4   | Noticed a five-headed hydra
 19645 | Lair:4   | Killed a five-headed hydra
 19913 | Lair:4   | Found a basalt altar of Yredelemnul.
 20105 | Lair:4   | Reached skill level 5 in Fighting
 20258 | Lair:4   | Reached skill level 5 in Evocations
 20518 | Lair:5   | Reached ***** piety under Dithmenos
 20583 | Lair:5   | Reached XP level 13. HP: 91/91 MP: 21/21
 20730 | Lair:5   | Learned a level 5 spell: Yara's Violent Unravelling
 20775 | Lair:5   | Found a viscous altar of Jiyva.
 20776 | Lair:5   | Found a staircase to the Slime Pits.
 21222 | Lair:6   | Entered Level 6 of the Lair of Beasts
 22557 | Lair:5   | Reached skill level 5 in Conjurations
 23181 | Lair:6   | Reached skill level 14 in Hexes
 24661 | Lair:6   | Reached XP level 14. HP: 76/100 MP: 18/23
 26048 | Lair:6   | Found a large runed door.
 26049 | Lair:6   | Found a large runed door.
 26535 | D:10     | Entered Level 10 of the Dungeon
 26539 | D:10     | Found a staircase to the Orcish Mines.
 27002 | D:10     | Reached ****** piety under Dithmenos
 27508 | D:10     | Found a runed door.
 27514 | D:10     | Noticed TwistedFlax's ghost (journeyman MiFi)
 27722 | D:10     | Got a shimmering leather armour
 27733 | D:10     | Identified the +1 leather armour of Avefyuh {rPois Int+2} (You found it on level 10 of the Dungeon)
 27973 | D:10     | Killed TwistedFlax's ghost
 28651 | D:10     | Got a fine trident {protect}
 28685 | D:10     | Got a brightly glowing scimitar {freeze}
 28718 | D:10     | Identified the cursed +2 trident of Freehold {protect, rC+} (You took it off a spriggan on level 10 of the Dungeon)
 28720 | D:10     | Identified the +2 scimitar of Maliawno {freeze, *Corrode +Rage rN++ Int+4} (You took it off a spriggan on level 10 of the Dungeon)
 28891 | D:11     | Found Cos Maba's Antique Armour Emporium.
 28917 | D:11     | Bought a glowing buckler for 187 gold pieces
 29473 | D:11     | Got a fine dagger
 29474 | D:11     | Identified the cursed +1 dagger of Gloom {pierce, Dex+4} (You found it on level 11 of the Dungeon)
 29730 | D:12     | Found a shadowy altar of Dithmenos.
 29972 | D:12     | Noticed Rupert
 29975 | D:12     | Killed Rupert
 31533 | D:14     | Found a gate to the Vaults.
 31652 | Orc:1    | Entered Level 1 of the Orcish Mines
 32003 | Orc:2    | Entered Level 2 of the Orcish Mines
 32008 | Orc:2    | Found a staircase to the Elven Halls.
 32215 | Orc:2    | Found a burning altar of Makhleb.
 32354 | Orc:2    | Reached skill level 15 in Hexes
 32568 | Orc:2    | Reached XP level 15. HP: 108/108 MP: 23/26
 33540 | Orc:2    | Found Lawuc's Weapon Boutique.
 33540 | Orc:2    | Found Zoodghy's Antique Armour Shoppe.
 33542 | Orc:2    | Found Etuezoh's Magic Scroll Boutique.
 33542 | Orc:2    | Found Larimp's Assorted Antiques.
 33550 | Orc:2    | Bought a scroll of identify for 26 gold pieces
 33550 | Orc:2    | Bought a scroll of identify for 26 gold pieces
 33550 | Orc:2    | Bought a scroll of fog for 26 gold pieces
 33555 | Orc:2    | Bought a diamond ring for 155 gold pieces
 33555 | Orc:2    | Bought a scroll of identify for 62 gold pieces
 33555 | Orc:2    | Bought a tiny copper amulet for 155 gold pieces
 33557 | Orc:2    | Bought a warped robe for 176 gold pieces
 33557 | Orc:2    | Bought a pair of embroidered gloves for 232 gold pieces
 33598 | Orc:2    | Identified the cursed +1 robe of Wyghimp {rElec rC+} (You bought it in a shop on level 2 of the Orcish Mines)
 33807 | Orc:2    | Noticed Azrael
 34141 | Orc:1    | Killed Azrael
 34988 | D:14     | Found a runed gate.
 34989 | D:14     | Found a runed gate.
 34989 | D:14     | Found a runed gate.
 34990 | D:14     | Noticed Thalamas's ghost (journeyman GrMo)
 35181 | D:14     | Killed Thalamas's ghost
 35312 | D:14     | Noticed Josephine
 35357 | D:14     | Killed Josephine
 35624 | D:14     | Paralysed by a great orb of eyes for 3 turns
 37524 | D:14     | Found a blossoming altar of Fedhas.
 37588 | D:15     | Entered Level 15 of the Dungeon
 38739 | D:15     | Found a staircase to the Depths.
 38740 | D:15     | Noticed a fire giant
 38944 | D:15     | Killed a fire giant
 39287 | D:15     | Reached XP level 16. HP: 117/117 MP: 26/28
 40087 | Elf:1    | Entered Level 1 of the Elven Halls
 40789 | Elf:1    | Learned a level 3 spell: Stone Arrow
 41109 | Elf:1    | Reached skill level 10 in Dodging
 41115 | Elf:1    | Reached skill level 10 in Short Blades
 41318 | Elf:1    | Reached skill level 16 in Hexes
 41766 | Snake:1  | Entered Level 1 of the Snake Pit
 45236 | Snake:2  | Noticed Saint Roka
 45497 | Snake:2  | Killed Saint Roka
 45497 | Snake:2  | Reached XP level 17. HP: 126/126 MP: 8/30
 45761 | Snake:3  | Learned a level 3 spell: Regeneration
 46383 | Snake:3  | Reached skill level 17 in Hexes
 46701 | Snake:3  | Learned a level 2 spell: Ensorcelled Hibernation
 47795 | Snake:4  | Entered Level 4 of the Snake Pit
 48197 | Snake:4  | Found Amiden's General Store.
 48205 | Snake:4  | Found Pianiel's Food Shoppe.
 48984 | Snake:4  | Reached skill level 10 in Spellcasting
 49436 | Snake:4  | Reached skill level 10 in Evocations
 49792 | Snake:4  | Reached skill level 10 in Fighting
 52448 | Snake:4  | Reached XP level 18. HP: 134/135 MP: 13/32
 52740 | Snake:4  | Learned a level 5 spell: Aura of Abjuration
 52914 | Snake:4  | Got a serpentine rune of Zot
 53244 | Shoals:1 | Entered Level 1 of the Shoals
 54382 | Shoals:1 | Reached skill level 1 in Summonings
 54473 | Shoals:1 | Reached skill level 18 in Hexes
 54873 | Shoals:2 | Noticed Kirke
 54909 | Shoals:1 | Killed Kirke
 55184 | Shoals:2 | Noticed Ilsuiw
 55198 | Shoals:2 | Killed Ilsuiw
 55284 | Shoals:2 | Found a runed gate.
 55287 | Shoals:2 | Found a runed gate.
 55287 | Shoals:2 | Found a runed gate.
 55287 | Shoals:2 | Noticed Sesaloo's ghost (journeyman KoAs)
 55604 | Shoals:2 | Noticed Polyphemus
 55616 | Shoals:2 | Killed Polyphemus
 55755 | Shoals:2 | Killed Sesaloo's ghost
 55781 | Shoals:2 | Got a flickering golden ring
 55800 | Shoals:2 | Identified the ring "Jaxtos" {Fire rPois rN+ Str+4 Slay+3} (You found it on level 2 of the Shoals)
 57089 | Shoals:4 | Entered Level 4 of the Shoals
 57096 | Shoals:4 | Found Xekhlam's Food Emporium.
 58381 | Shoals:4 | Got a barnacled rune of Zot
 58646 | D:6      | Killed Firecrotchwizard's ghost
 58862 | D:3      | Killed Bearx's ghost
 59087 | Vaults:1 | Entered Level 1 of the Vaults
 59117 | Vaults:1 | Reached XP level 19. HP: 143/143 MP: 18/34
 59808 | Vaults:1 | Reached skill level 5 in Summonings
 60249 | Vaults:1 | Found Jyot's Distillery.
 60273 | Vaults:1 | Bought a potion of agility for 68 gold pieces
 60273 | Vaults:1 | Bought a potion of ambrosia for 136 gold pieces
 60353 | Vaults:1 | Reached skill level 19 in Hexes
 60485 | Vaults:1 | Learned a level 8 spell: Discord
 60491 | Vaults:1 | Learned a level 5 spell: Silence
 60498 | Vaults:1 | Upgraded the game from 0.22.0-5-gf09313c to 0.22.0-6-g71bd7aa
 60605 | Vaults:1 | Learned a level 4 spell: Cause Fear
 60957 | Vaults:2 | Found a runed door.
 60957 | Vaults:2 | Noticed Ziciket's ghost (adept TeAs)
 60958 | Vaults:2 | Found the cursed necklace of Bloodlust {*Rage +Rage MR++ Int-3 Slay+6 *Curse}
 61130 | Vaults:2 | Paralysed by an orc sorcerer for 6 turns
 61317 | Vaults:2 | Found Elorr's Gadget Emporium.
 61582 | Vaults:2 | Reached skill level 20 in Hexes
 62079 | Vaults:2 | Killed Ziciket's ghost
 62221 | Vaults:3 | Paralysed by a great orb of eyes for 3 turns
 62768 | Vaults:3 | Reached skill level 21 in Hexes
 62954 | Vaults:3 | Found a staircase to the Crypt.
 62954 | Vaults:3 | Found a basalt altar of Yredelemnul.
 62954 | Vaults:3 | Found an ancient bone altar of Kikubaaqudgha.
 64145 | Vaults:4 | Reached skill level 22 in Hexes
 64200 | Vaults:4 | Reached XP level 20. HP: 143/151 MP: 13/35
 66203 | Vaults:5 | Entered Level 5 of the Vaults
 66365 | Vaults:5 | Noticed a golden dragon
 66382 | Vaults:5 | Noticed a golden dragon
 66386 | Vaults:5 | Killed a golden dragon
 67447 | Vaults:5 | Reached XP level 21. HP: 106/166 MP: 5/36
 67650 | Vaults:5 | Killed a golden dragon
 67677 | Vaults:5 | Reached skill level 15 in Fighting
 68669 | Vaults:5 | Got a silver rune of Zot
 69035 | Depths:1 | Entered Level 1 of the Depths
 69065 | Depths:1 | Found a one-way gate to the infinite horrors of the Abyss.
 69187 | Depths:1 | Found a magical portal.
 69209 | WizLab   | Entered The Roulette of Golubria
 69209 | WizLab   | Found a transporter.
 69303 | WizLab   | Found a corrupted altar of Lugonu.
 69319 | WizLab   | Found a transporter.
 69380 | WizLab   | Found a transporter.
 69380 | WizLab   | Found a transporter.
 69493 | WizLab   | Found a transporter.
 69500 | WizLab   | Found a transporter.
 69522 | WizLab   | Found a transporter.
 69534 | WizLab   | Found a transporter.
 69599 | WizLab   | Found a corrupted altar of Lugonu.
 69600 | WizLab   | Found a transporter.
 69710 | WizLab   | Found a corrupted altar of Lugonu.
 69713 | WizLab   | Found a transporter.
 70028 | WizLab   | Found a transporter.
 70073 | WizLab   | Found a transporter.
 70423 | WizLab   | Identified the +4 cloak of Lethargy {-Cast rElec rF+ Dex+2 Stlth+} (You found it in a wizard's laboratory)
 70425 | WizLab   | Identified the +2 cloak of the Blessed Realm {*Slow +Blink rPois rCorr} (You found it in a wizard's laboratory)
 70434 | WizLab   | Identified the +0 cloak of the First Snow {Str+2 Int+2 Dex-5} (You found it in a wizard's laboratory)
 70798 | WizLab   | Found a transporter.
 70798 | WizLab   | Found a transporter.
 70825 | WizLab   | Found a transporter.
 70876 | WizLab   | Found a transporter.
 70876 | WizLab   | Found a transporter.
 70932 | WizLab   | Found a transporter.
 71077 | WizLab   | Found a transporter.
 71077 | WizLab   | Found a transporter.
 71249 | Depths:1 | Noticed Asterion
 71291 | Depths:1 | Killed Asterion
 71529 | Depths:1 | Found a gateway to Hell.
 71678 | Depths:2 | Noticed Nikola
 73076 | Depths:2 | Found a gateway to a ziggurat.
 73401 | Depths:2 | Killed Nikola
 73836 | Depths:3 | Found a one-way gate leading to the halls of Pandemonium.
 73840 | Depths:3 | Noticed Xtahua
 74013 | Depths:3 | Reached XP level 22. HP: 183/183 MP: 37/37
 75003 | Depths:3 | Noticed Mennas
 75004 | Depths:3 | Noticed Margery
 75132 | Depths:3 | HP: 7/184 [spriggan air mage/the air (24)]
 75748 | Depths:3 | Killed Mennas
 75847 | Depths:3 | Found a glowing golden altar of the Shining One.
 75882 | Depths:3 | Killed Margery
 76028 | Depths:3 | Killed Xtahua
 76288 | Depths:3 | Identified the +4 scale mail of Kouhicsi {rPois Int-3 Stlth+} (You found it on level 3 of the Depths)
 77181 | Depths:3 | Learned a level 3 spell: Ozocubu's Armour
 78553 | Snake:4  | Bought a scroll of teleportation for 54 gold pieces
 79024 | Hell     | Entered the Vestibule of Hell
 79024 | Hell     | Noticed Geryon
 79032 | Hell     | Killed Geryon
 79673 | Hell     | Noticed Murray
 81250 | Depths:4 | Found Gozag's Assorted Antiques.
 81260 | Depths:4 | Found an opulent altar of Gozag.
 81260 | Depths:4 | Noticed a golden dragon
 81264 | Depths:4 | Found Gozag's Antique Armour Shop.
 81268 | Depths:4 | Found Gozag's Antique Weapon Boutique.
 81310 | Depths:4 | Bought a warped robe for 570 gold pieces
 81310 | Depths:4 | Identified the +4 robe of Morality {Int+2 SInv Stlth-} (You bought it in a shop on level 4 of the Depths)
 81319 | Depths:4 | Bought a potion of might for 400 gold pieces
 81653 | Depths:4 | Found a corrupted altar of Lugonu.
 81765 | Depths:4 | Killed a golden dragon
 81963 | Depths:5 | Entered Level 5 of the Depths
 82310 | Depths:5 | Identified a scroll of acquirement
 82312 | Depths:5 | Got an ancient cloak
 82313 | Depths:5 | Identified the +1 cloak of the Crushed Princes {SInv} (You acquired it on level 5 of the Depths)
 82603 | Depths:5 | Noticed a golden dragon
 82627 | Depths:5 | Killed a golden dragon
 84562 | Depths:5 | Found a gate to the Realm of Zot.
 85312 | Zot:1    | Entered Level 1 of the Realm of Zot
 85383 | Zot:2    | Killed a golden dragon
 85493 | Zot:2    | Noticed a curse toe
 85528 | Zot:2    | Killed a curse toe
 85528 | Zot:2    | Reached skill level 23 in Hexes
 85528 | Zot:2    | Reached XP level 23. HP: 170/194 MP: 39/39
 85887 | Zot:5    | Entered Level 5 of the Realm of Zot
 86031 | Zot:5    | Noticed an ancient lich
 86057 | Zot:5    | Killed an ancient lich
 86185 | Zot:5    | HP: 3/196 [Orb Guardian (31)]
 86186 | Zot:5    | Slain by an Orb Guardian

Skill      XL: |  1  2  3  4  5  6  7  8  9 10 11 12 13 14 15 16 17 18 19 20 21 22 |
---------------+-------------------------------------------------------------------+-----
Fire Magic     | 3 4 5 6 7 8 9 |  9.0
Stealth        | 4 6 9 13 14 15 16 17 18 19 20 21 22 | 22.9
Conjurations   | 1 2 3 4 5 6 7 |  7.0
Short Blades   | 1 3 4 6 7 8 9 10 | 10.0
Fighting       | 1 2 4 5 6 7 8 9 10 11 14 17 19 | 19.7
Shields        | 1 2 4 |  4.0
Evocations     | 1 2 3 5 6 7 8 9 10 11 | 11.4
Hexes          | 11 12 13 14 15 16 17 18 22 23 | 23.2
Dodging        | 4 5 6 7 8 9 11 12 13 14 | 14.8
Spellcasting   | 3 4 5 6 7 8 9 10 11 12 | 12.8
Summonings     | 4 5 |  5.3

Action                   |  1- 3 |  4- 6 |  7- 9 | 10-12 | 13-15 | 16-18 | 19-21 | 22-24 || total
-------------------------+-------+-------+-------+-------+-------+-------+-------+-------++-------
Melee: Unarmed           |     5 |       |     2 |     2 |       |       |       |       ||     9
       Club              |     2 |       |       |       |       |       |       |       ||     2
       Dagger            |    76 |   128 |    79 |       |  1038 |   877 |  1022 |   422 ||  3642
       Bite              |     4 |    10 |    28 |    55 |   247 |    87 |   171 |    58 ||   660
       Rapier            |       |       |   191 |   426 |   585 |       |       |       ||  1202
       Mace              |       |       |       |     5 |       |       |       |       ||     5
 Cast: Flame Tongue      |    35 |   139 |   199 |     1 |    54 |   364 |    81 |    59 ||   932
       Throw Flame       |       |       |     6 |     4 |    52 |   113 |     9 |     4 ||   188
       Confuse           |       |       |     6 |   123 |   336 |   267 |   209 |    88 ||  1029
       Ensorcelled Hiber |       |       |       |       |       |    72 |    44 |    25 ||   141
       Yara's Violent Un |       |       |       |       |       |    13 |     4 |     7 ||    24
       Regeneration      |       |       |       |       |       |     5 |       |       ||     5
       Aura of Abjuratio |       |       |       |       |       |     2 |     5 |     3 ||    10
       Discord           |       |       |       |       |       |       |    49 |    54 ||   103
       Silence           |       |       |       |       |       |       |     1 |     2 ||     3
       Ozocubu's Armour  |       |       |       |       |       |       |       |     3 ||     3
       Cause Fear        |       |       |       |       |       |       |       |     1 ||     1
Invok: Shadow Step       |       |       |       |       |       |       |     1 |       ||     1
 Abil: Bat Form          |       |     3 |     7 |     8 |    23 |     9 |     6 |    13 ||    69
       End Transformatio |       |     3 |     7 |     8 |    23 |     9 |     6 |    13 ||    69
Evoke: Wand              |     1 |     7 |    19 |    25 |    23 |    24 |    15 |    59 ||   173
       Box of beasts     |       |       |       |       |       |     1 |     6 |       ||     7
       Lamp of fire      |       |       |       |       |       |     3 |     1 |     3 ||     7
       Sack of spiders   |       |       |       |       |       |       |     1 |       ||     1
       Phantom mirror    |       |       |       |       |       |       |       |     2 ||     2
  Use: Potion            |     1 |    12 |    10 |    10 |    22 |    22 |    16 |    41 ||   134
       Scroll            |       |     7 |     9 |     5 |    11 |    25 |    25 |    16 ||    98
 Stab: Sleeping          |    12 |     9 |    28 |    51 |    93 |   139 |   151 |    36 ||   519
       Distracted        |       |       |     2 |     4 |    11 |     3 |    11 |     1 ||    32
       Confused          |       |       |     5 |    75 |   190 |   125 |   105 |    28 ||   528
       Invisible         |       |       |       |       |       |     3 |       |       ||     3
Armor: Robe              |    14 |    31 |   104 |    37 |   110 |    84 |    65 |    37 ||   482
       Skin              |       |       |       |       |       |       |       |    17 ||    17
Dodge: Dodged            |    58 |   118 |   244 |   259 |   814 |   510 |   356 |   277 ||  2636
Block: Buckler           |    11 |    35 |    86 |    90 |   396 |   343 |   246 |   143 ||  1350
       Reflection        |       |       |       |       |     5 |    70 |    23 |     8 ||   106
       Other             |       |       |       |       |     1 |       |       |     3 ||     4
